 Dungeon Crawl Stone Soup version 0.29.0-13-gc9e81de378 (webtiles) character file.

Game seed: 8529515200823970188

212 RascalDebosk the Cudgeller (level 5, 0/50 HPs)
             Began as a Troll Gladiator on Sept 7, 2022.
             Slain by Grinder (6 damage)
             ... while paralysed by Grinder
             ... on level 3 of the Dungeon.
             The game lasted 00:10:57 (1504 turns).

RascalDebosk the Cudgeller (Troll Gladiator)        Turns: 1504, Time: 00:10:57

Health: 0/50       AC:  5    Str: 24    XL:     5   Next: 58%
Magic:  4/4        EV:  1    Int:  4    God:
Gold:   75         SH:  0    Dex: 11    Spells: 4/4 levels left

rFire   + . .      SeeInvis .   a - +0 flail
rCold   + . .      Faith    +   (no shield)
rNeg    . . .      Spirit   .   q - +1 robe {rC+ rF+}
rPois   .          Reflect  .   c - +0 hat
rElec   .          Harm     .   v - scarf {+Inv}
rCorr   .          Rampage  .   (gloves unavailable)
Will    .....                   (boots unavailable)
Stlth   +.........              o - amulet of faith
HPRegen 0.96/turn               (no ring)
MPRegen 0.09/turn               (no ring)

@: paralysed
A: large, unfitting armour, claws 3, regeneration 1, shaggy fur 1, tough skin 1
a: Evoke Invisibility


You were on level 3 of the Dungeon.
You visited 1 branch of the dungeon, and saw 3 of its levels.

You collected 75 gold pieces.

Inventory:

Hand Weapons
 a - a +0 flail (weapon)
Missiles
 d - 3 throwing nets
 e - a large rock
 h - 4 javelins (quivered)
 n - 5 poisoned darts
Armour
 c - a +0 hat (worn)
 q - a +1 robe of resistance (worn)
 v - a scarf of invisibility (worn)
Jewellery
 o - an amulet of faith (around neck)
Scrolls
 f - a scroll of identify {unknown}
 g - 2 scrolls of torment {unknown}
 j - a scroll of enchant armour {unknown}
 r - a scroll of teleportation {unknown}
 t - a scroll of poison {unknown}
Potions
 b - a potion of degeneration {unknown}
 i - a potion of haste {unknown}
 k - 2 potions of berserk rage {unknown}
 l - 3 potions of mutation {unknown}
 m - a potion of heal wounds {unknown}
 p - a potion of lignification {unknown}
 s - a potion of curing {unknown}
 u - a potion of magic {unknown}


   Skills:
 + Level 2.7 Fighting
 + Level 3.6 Maces & Flails
 + Level 3.1 Throwing
 + Level 3.3 Dodging


You had 4 spell levels left.
You didn't know any spells.
Your spell library was empty.

Dungeon Overview and Level Annotations

Branches:
Dungeon (3/15)

Altars:

Annotations:
D:3 Grinder


Innate Abilities, Weirdness & Mutations

You are too large for most types of armour.
You have claws for hands.
Your natural rate of healing is unusually fast.
You are covered in fur. (AC +1)
You have tough skin. (AC +1)


Message History

a +0 club; an orc corpse
Items here: )) [ ††.
h - a javelin
h - 4 javelins (gained 3)
Found 6 stones.
Found a stone staircase leading down.
Grinder comes into view.
Grinder shouts!
Grinder closely misses you.
You hit Grinder.
Grinder is lightly wounded.
Grinder hits you.
You writhe in agony.
You sock Grinder!
Grinder is moderately wounded.
Grinder gestures at you. You resist with significant effort.
You sock Grinder!
Grinder is severely wounded.
Grinder hits you!
You writhe in agony.
You sock Grinder!
Grinder is almost dead.
Grinder hits you!
You barely miss Grinder.
Grinder is almost dead.
Grinder barely misses you.
Grinder grins, showing sharp teeth.
Grinder hits you.
You writhe in agony.
You hit Grinder but do no damage.
Grinder is almost dead.
Grinder hits you but does no damage.
You barely miss Grinder.
Grinder is almost dead.
Grinder gestures at you.
You suddenly lose the ability to move!
Grinder hits you.
You writhe in agony.
* * * LOW HITPOINT WARNING * * *
Grinder hits you!
* * * LOW HITPOINT WARNING * * *
You writhe in agony.
You die...

#########.##.#
..........##.#
.###########.#
.##### #.#
.....#######.#
.#.........#.#
.#(##.####...#####
.#.#.............#
.#.........#####@#
.#####>....# #5#
.# ####### #.# ..
..# ###


You could see Grinder.

Vanquished Creatures
  Sigmund (D:3)
  4 orcs (D:3)
  7 bats
  2 endoplasms
  A giant cockroach (D:2)
  A goblin (D:1)
  7 hobgoblins
  2 quokkas
  7 ball pythons
  2 frilled lizards
  5 kobolds
  5 rats
44 creatures vanquished.

Notes
Turn   | Place    | Note
-------+----------+-------------------------------------------
     0 | D:1      | RascalDebosk the Troll Gladiator began the quest for the
                  | Orb.
     0 | D:1      | Reached XP level 1. HP: 19/19 MP: 0/0
   193 | D:1      | Reached XP level 2. HP: 28/28 MP: 1/1
   293 | D:1      | Found a faded altar of an unknown god.
   904 | D:2      | Reached XP level 3. HP: 35/35 MP: 2/2
  1439 | D:3      | Noticed Sigmund
  1447 | D:3      | Killed Sigmund
  1448 | D:3      | Reached XP level 4. HP: 40/44 MP: 3/3
  1448 | D:3      | Reached XP level 5. HP: 46/50 MP: 4/4
  1494 | D:3      | Noticed Grinder
  1502 | D:3      | Paralysed by Grinder for 3 turns
  1504 | D:3      | Slain by Grinder

Illustrated notes

Levels and vault maps discovered:
D:1:      psy_arrival_heroes, layout_basic, shapermc_ecumenical_altar_acropolis,
          minmay_indecisive_spiral
D:2:      layout_basic
D:3:      layout_basic, uniq_sigmund, uniq_grinder

Skill      XL: |  1  2  3 |
---------------+----------+-----
Throwing       | 2 3 |  3.1
Maces & Flails | 3 |  3.6
Fighting       | 2 |  2.7
Dodging        | 3 |  3.3

Action                   |  1- 3 |  4- 6 || total
-------------------------+-------+-------++-------
Melee: Flail             |    94 |    10 ||   104
       Punch             |     1 |       ||     1
Throw: Javelin           |     6 |       ||     6
Armor: Robe              |    37 |     1 ||    38
Dodge: Dodged            |    57 |     4 ||    61
